 Dungeon Crawl Stone Soup version 0.20.0-15-g7f486f2 (webtiles) character file.

771 miragecloak the Conjurer (level 7, 0/50 HPs)
             Began as a Grey Draconian Conjurer on June 23, 2017.
             Slain by an ogre
             ... wielding a +0 giant club
              (15 damage)
             ... on level 6 of the Dungeon.
             The game lasted 00:11:11 (6408 turns).

miragecloak the Conjurer (Grey Draconian Conjurer)  Turns: 6408, Time: 00:11:12

Health: 0/50       AC: 13    Str: 11    XL:     7   Next: 53%
Magic:  14/14      EV: 12    Int: 16    God:
Gold:   202        SH:  0    Dex: 12    Spells: 8/16 levels left

rFire    . . .     SeeInvis .   (no weapon)
rCold    . . .     Gourm    .   (no shield)
rNeg     + . .     Faith    .   (armour unavailable)
rPois    .         Spirit   .   m - +2 hat
rElec    .         Reflect  .   (no cloak)
rCorr    .         Harm     .   (no gloves)
MR       .....                  (no boots)
Stlth    +++.......             (no amulet)
Regen    0.2/turn               u - ring of positive energy
MPRegen  0.2/turn               A - ring of stealth

@: no status effects
A: walk through water, unfitting armour, unbreathing, cold-blooded, AC +11
a: no special abilities


You were on level 6 of the Dungeon.
You were very hungry.

You visited 2 branches of the dungeon, and saw 7 of its levels.

You collected 202 gold pieces.

Inventory:

Armour
 m - a +2 hat (worn)
Jewellery
 u - a ring of positive energy (left hand)
 A - a ring of stealth (right hand)
 B - an uncursed ring of resist corrosion {unknown}
Wands
 y - a wand of paralysis (19/24)
Scrolls
 d - 4 scrolls of identify
 e - a scroll of enchant armour
 h - a scroll of blinking {unknown}
 i - 5 scrolls of remove curse
 j - a scroll of fear {unknown}
 l - 2 scrolls of noise
 o - a scroll of random uselessness {unknown}
 p - 2 scrolls of recharging {unknown}
 r - 2 scrolls of immolation {unknown}
 t - a scroll of amnesia {unknown}
 z - a scroll of silence {unknown}
Potions
 c - a potion of invisibility {unknown}
 f - a potion of flight {unknown}
 k - 2 potions of heal wounds {unknown}
 q - a potion of brilliance {unknown}
 s - 2 potions of might {unknown}
 v - 2 potions of curing {unknown}
 w - a potion of degeneration {unknown}
 x - a potion of lignification {unknown}
 C - 3 potions of agility {unknown}
Books
 a - a book of Conjurations

   Spells                             Type                      Level
   a - Magic Dart                     Conjuration                  1
   b - Searing Ray                    Conjuration                  2
   c - Dazzling Spray                 Conjuration/Hexes            3
   d - Fulminant Prism                Conjuration/Hexes            4
   e - Force Lance                    Conjuration/Translocation    4
   f - Iskenderun's Mystic Blast      Conjuration                  4
 n - a book of Air

   Spells                             Type                      Level
   a - Shock                          Conjuration/Air              1
   b - Swiftness                      Charms/Air                   2
   c - Static Discharge               Conjuration/Air              3
   d - Airstrike                      Air                          4
   e - Lightning Bolt                 Conjuration/Air              5
Comestibles
 b - 3 bread rations
 g - 2 meat rations


   Skills:
 - Level 1.7 Dodging
 - Level 1.7 Stealth
 - Level 5.0 Spellcasting
 + Level 7.2 Conjurations
 + Level 2.1 Air Magic


You had 8 spell levels left.
You knew the following spells:

 Your Spells              Type           Power        Failure   Level  Hunger
a - Magic Dart            Conj           ####         1%          1    None
b - Searing Ray           Conj           ####..       1%          2    #......
c - Lightning Bolt        Conj/Air       ###.......   52%         5    ######.


Dungeon Overview and Level Annotations

Branches:
Dungeon (6/15)             Temple (1/1) D:4

Altars:
Ashenzari
Dithmenos
Elyvilon
Fedhas
Kikubaaqudgha
Nemelex Xobeh
Okawaru
Qazlal
Ru
Sif Muna
Uskayaw
Yredelemnul
Zin
The Shining One

Annotations:
D:4 Purgy


Innate Abilities, Weirdness & Mutations

You can walk through water.
Your dull iron-grey scales are very hard. (AC +11)
You cannot fit into any form of body armour.
You can survive without breathing.
You are cold-blooded and may be slowed by cold attacks.


Message History

The orc warrior hits you but does no damage.
You open the door. The ogre hits you with a giant club!
* * * LOW HITPOINT WARNING * * *
The orc priest miscasts a cantrip.
There is an open door here.
There is an open door here.
The ogre hits you but does no damage.
You see here a wand of confusion (?/48).
As you read the scroll labeled HAOLOO ZON UREBIU, it crumbles to dust.
It is a scroll of identify.
l - 2 scrolls of noise
As you read the scroll labeled VATIGA QECHI, it crumbles to dust.
You feel blessed for a moment.
It was a scroll of remove curse.
The orc warrior closely misses you. The ogre misses you.
As you read the scroll labeled FYHUGGO PUUDD, it crumbles to dust.
It is a scroll of enchant armour.
You aren't carrying any armour which can be enchanted further.
The orc warrior hits you but does no damage.
The ogre hits you with a giant club!
You die...

########## #......O.#
######## #.######@#
#....).# #### #.# ####.#
#.####.# ...######.###.##o#
#.# #.#
##.##..........#.###.####.#
##.##.###.#............##.#
.#.##.# #......#.###.#.##.#
......# #.#...##.# #.#.##O#
.#.#### #...S....# #.#.##.#
...# ####.##### #....).#


You could see an orc warrior and an ogre.

Vanquished Creatures
  Eustachio (D:4)
  A phantom (D:4)
  2 ogres
  A crimson imp (D:5)
  A bullfrog zombie (D:6)
  A hound (D:5)
  A jelly (D:5)
  3 orc wizards
  A worker ant (D:4)
  4 adders
  2 gnolls (D:5)
  A shadow imp (D:4)
  An ooze (D:2)
  A worm (D:3)
  A dart slug (D:2)
  3 leopard geckos
  3 orcs
  3 ball pythons
  4 bats
  A giant cockroach (D:1)
  9 goblins
  4 hobgoblins (D:1)
  17 kobolds
  6 frilled lizards
  A leopard gecko zombie (D:5)
  7 rats
80 creatures vanquished.

Vanquished Creatures (others)
  A dart slug (D:2)
  An orc (D:3)
2 creatures vanquished.

Grand Total: 82 creatures vanquished

Notes
Turn   | Place    | Note
-------+----------+-------------------------------------------
     0 | D:1      | miragecloak the Draconian Conjurer began the quest for the Orb.
     0 | D:1      | Reached XP level 1. HP: 14/14 MP: 3/3
   507 | D:1      | Reached XP level 2. HP: 18/20 MP: 0/5
   511 | D:1      | Learned a level 2 spell: Searing Ray
  1560 | D:1      | Reached XP level 3. HP: 22/26 MP: 0/7
  2288 | D:2      | Found a sparkling altar of Nemelex Xobeh.
  2558 | D:2      | Reached XP level 4. HP: 33/33 MP: 5/8
  3034 | D:3      | Reached skill level 5 in Conjurations
  3235 | D:3      | HP: 1/33 [something (2)]
  3237 | D:3      | Reached XP level 5. HP: 2/38 MP: 0/10
  3568 | D:4      | Found a staircase to the Ecumenical Temple.
  3625 | Temple   | Entered the Ecumenical Temple
  3914 | D:4      | Noticed Purgy
  3978 | D:4      | Found a faded altar of an unknown god.
  3978 | D:4      | Found a shattered altar of Ashenzari.
  3984 | D:4      | Found an iron altar of Okawaru.
  3986 | D:4      | Found a faded altar of an unknown god.
  3987 | D:4      | Found a glowing golden altar of the Shining One.
  4039 | D:4      | Noticed Eustachio
  4049 | D:5      | Entered Level 5 of the Dungeon
  4335 | D:4      | Killed Eustachio
  4335 | D:4      | Reached skill level 6 in Conjurations
  4335 | D:4      | Reached XP level 6. HP: 35/45 MP: 2/12
  5002 | D:4      | Found a basalt altar of Yredelemnul.
  5115 | D:5      | Reached skill level 5 in Spellcasting
  5248 | D:5      | Learned a level 5 spell: Lightning Bolt
  5371 | D:5      | Your scales start taking on a dull iron-grey colour.
  5371 | D:5      | Reached XP level 7. HP: 50/50 MP: 6/14
  5371 | D:5      | Gained mutation: You can survive without breathing. [Grey Draconian growth]
  5375 | D:5      | Reached skill level 1 in Air Magic
  5982 | D:6      | Reached skill level 7 in Conjurations
  6408 | D:6      | Slain by an ogre

Skill      XL: |  1  2  3  4  5  6  7 |
---------------+----------------------+-----
Spellcasting   | 3 4 5 |  5.0
Conjurations   | 5 6 7 |  7.2
Air Magic      | 2 |  2.1
Dodging        | |  1.7
Stealth        | |  1.7

Action                   |  1- 3 |  4- 6 |  7- 9 || total
-------------------------+-------+-------+-------++-------
Melee: Unarmed           |    38 |    43 |       ||    81
       Tailslap          |     2 |     2 |       ||     4
 Cast: Magic Dart        |    72 |    40 |     5 ||   117
       Searing Ray       |       |    19 |    13 ||    32
  Use: Scroll            |       |       |     3 ||     3
  Eat: Chunk             |     5 |     8 |     2 ||    15
       Royal jelly       |       |     1 |       ||     1
Armor: Skin              |    11 |    45 |    17 ||    73
Dodge: Dodged            |    24 |    58 |    24 ||   106
